 Dungeon Crawl Stone Soup version 0.24.1-14-gf8d2b509d9 (webtiles) character file.

Game seed: 5389935921984799476, levelgen mode: deterministic

35 Hugehornet the Sneak (level 3, -10/24 HPs)
             Began as an Octopode Assassin on May 19, 2020.
             Mangled by Sigmund
             ... wielding a +0 scythe
              (11 damage)
             ... on level 2 of the Dungeon.
             The game lasted 00:01:52 (1263 turns).

Hugehornet the Sneak (Octopode Assassin)            Turns: 1263, Time: 00:01:53

Health: -10/24     AC:  3    Str: 10    XL:     3   Next: 35%
Magic:  0/3        EV: 18    Int: 13    God:
Gold:   48         SH:  0    Dex: 19    Spells: 2/2 levels left

rFire    . . .     SeeInvis .   k - +2 short sword (drain)
rCold    . . .     Gourm    .   (no shield)
rNeg     . . .     Faith    .   (helmet restricted)
rPois    .         Spirit   +   f - amulet of guardian spirit
rElec    .         Reflect  .   l - +2 ring of protection
rCorr    .         Harm     .   (no ring)
MR       .....                  (no ring)
Stlth    ++++++....             (no ring)
HPRegen  0.08/turn              (no ring)
MPRegen  0.08/turn              (no ring)
                                (no ring)
                                (no ring)

@: agile
A: almost no armour, stealthy swim, amphibious, 8 rings, constrict 8, camouflage
1, gelatinous body 1
a: no special abilities


You were on level 2 of the Dungeon.
You were not hungry.

You visited 1 branch of the dungeon, and saw 2 of its levels.

You collected 48 gold pieces.

Inventory:

Hand Weapons
 a - a +2 dagger
 k - a +2 short sword of draining (weapon)
Missiles
 b - 8 poisoned darts (quivered)
 c - 2 curare-tipped darts
Jewellery
 f - an amulet of guardian spirit (around mantle)
 l - a +2 ring of protection (left tentacle)
Scrolls
 e - 4 scrolls of remove curse {unknown}
 g - a scroll of blinking {unknown}
 h - 3 scrolls of enchant armour {unknown}
 n - a scroll of identify {unknown}
 q - 3 scrolls of random uselessness {unknown}
Potions
 i - 3 potions of might
Comestibles
 d - 3 rations


   Skills:
 - Level 2.0 Fighting
 + Level 2.1 Short Blades
 - Level 2.0 Throwing
 - Level 1.0 Dodging
 * Level 6.9 Stealth


You had 2 spell levels left.
You didn't know any spells.
Your spell library was empty.

Dungeon Overview and Level Annotations

Branches:
Dungeon (2/15)

Altars:

Annotations:
D:2 Sigmund


Innate Abilities, Weirdness & Mutations

You cannot wear most types of armour.
You are very stealthy in the water. (Stealth+)
You are amphibious.
You can wear up to eight rings at the same time.
You can use your tentacles to constrict eight enemies at once.
Your skin changes colour to match your surroundings (Stealth+).
Your rubbery body absorbs attacks. (AC +1, EV +1)


Message History

You feel sick.
You hear some strange, mumbled words.
Something tries to affect you, but you resist.
It was a potion of lignification.
You turn into a tree.
Your roots penetrate the ground.
Something hits you but does no damage.
It was a potion of cancellation.
Your magical effects are unravelling.
You feel magically purged.
You feel less wooden.
You feel less confused.
You feel a little less mighty now.
It was a potion of curing.
You feel better.
You hear some strange, mumbled words.
Something tries to affect you, but you resist.
Something hits you!
* * * LOW HITPOINT WARNING * * *
You see here an adder corpse.
It was a potion of agility.
You feel agile all of a sudden. Something hits you!
You die...

#..........## #.#
#.####.##...###.## #.#
#..........(#
#.#######...###..#
.....#####.####)(#######
####.##...........(.....
##.########.######. #
#.# #@# #)# ##K## .
#.((# ## #..## #...#
....... ####...## #..##


You could see a kobold.

Vanquished Creatures
  An adder (D:2)
  3 leopard geckos
  3 goblins (D:1)
  2 hobgoblins
  2 quokkas (D:2)
  2 bats
  3 frilled lizards (D:1)
  6 kobolds
  2 rats (D:1)
24 creatures vanquished.

Notes
Turn   | Place    | Note
-------+----------+-------------------------------------------
     0 | D:1      | Hugehornet the Octopode Assassin began the quest for the
                  | Orb.
     0 | D:1      | Reached XP level 1. HP: 14/14 MP: 1/1
   353 | D:1      | Reached XP level 2. HP: 19/19 MP: 2/2
   371 | D:1      | Reached skill level 6 in Stealth
  1162 | D:2      | Reached XP level 3. HP: 24/24 MP: 3/3
  1236 | D:2      | Noticed Sigmund
  1262 | D:2      | HP: 1/24 [something (10)]
  1263 | D:2      | Mangled by Sigmund

Levels and vault maps discovered:
D:1:      psy_arrival_conway, layout_basic, eino_curves_01
D:2:      layout_loops_ring, first_ration, uniq_sigmund

Skill      XL: |  1  2 |
---------------+-------+-----
Stealth        | 6 |  6.9
Fighting       | |  2.0
Short Blades   | |  2.1
Throwing       | |  2.0
Dodging        | |  1.0

Action                   || total
-------------------------++-------
Melee: Dagger            ||    30
       Constrict         ||    11
       Short sword       ||    21
       Tentacles         ||     5
  Use: Potion            ||     5
 Stab: Sleeping          ||     4
  Eat: Chunk             ||     1
Armor: Skin              ||     7
Dodge: Dodged            ||    36
